 Dungeon Crawl Stone Soup version 0.23.2-40-g277498a001 (webtiles) character file.

Game seed: 5309013037628430076

57 Descartes the Skirmisher (level 4, -1/37 HPs)
             Began as a Formicid Abyssal Knight on Oct 15, 2019.
             Was a Follower of Lugonu.
             Slain by Natasha (6 damage)
             ... on level 2 of the Dungeon.
             The game lasted 00:04:25 (1394 turns).

Descartes the Skirmisher (Formicid Abyssal Knight)  Turns: 1394, Time: 00:04:25

Health: -1/37      AC: 11    Str: 18    XL:     4   Next: 18%
Magic:  6/6        EV:  5    Int: 11    God:    Lugonu [*.....]
Gold:   107        SH:  0    Dex: 10    Spells: 3/3 levels left

rFire    . . .     SeeInvis +   a - +1 falchion
rCold    . . .     Gourm    .   (no shield)
rNeg     . . .     Faith    .   g - +0 plate armour
rPois    .         Spirit   .   (helmet unavailable)
rElec    .         Reflect  .   (no cloak)
rCorr    .         Harm     .   (no gloves)
MR       .....                  (no boots)
Stlth    ..........             (no amulet)
HPRegen  0.12/turn              (no ring)
MPRegen  0.10/turn              (no ring)

@: no status effects
A: permanent stasis, dig shafts and tunnels, four strong arms, antennae 3
a: Dig, Shaft Self, Depart the Abyss, Renounce Religion


You were on level 2 of the Dungeon.
You worshipped Lugonu.
Lugonu was aware of your devotion.
You were not hungry.

You visited 1 branch of the dungeon, and saw 2 of its levels.
You visited the Abyss 1 time.

You collected 107 gold pieces.

Inventory:

Hand Weapons
 a - a +1 falchion (weapon)
 m - a +1 short sword of holy wrath
Missiles
 k - 66 stones (quivered)
Armour
 b - a +0 leather armour
 g - a +0 plate armour (worn)
Scrolls
 d - 2 scrolls of teleportation {unknown}
 e - 3 scrolls of enchant weapon {unknown}
 f - a scroll of enchant armour {unknown}
 h - a scroll of identify {unknown}
 p - a scroll of blinking {unknown}
Potions
 i - a potion of resistance {unknown}
 j - a potion of heal wounds {unknown}
 l - 3 potions of agility {unknown}
 n - a potion of haste {unknown}
Comestibles
 c - 5 rations
 o - 3 chunks of flesh


   Skills:
 + Level 3.7 Fighting
 * Level 2.7 Long Blades
 + Level 3.0 Armour
 + Level 1.2 Dodging
 + Level 2.8 Invocations


You had 3 spell levels left.
You didn't know any spells.
Your spell library was empty.

Dungeon Overview and Level Annotations

Branches:
Dungeon (2/15)

Altars:

Annotations:
D:2 Natasha


Innate Abilities, Weirdness & Mutations

You cannot be hasted, slowed, berserked, paralysed or teleported.
You can dig through walls and to a lower floor.
Your four strong arms can wield two-handed weapons with a shield.
You have a pair of large antennae on your head. (SInv)


Message History

You see here the felid corpse of Natasha.
You butcher the felid corpse of Natasha.
o - 4 chunks of flesh (gained 2)
You see here the felid skeleton of Natasha.
You start resting.
Magic restored.
You start resting.
Eating one of 4 chunks of flesh.
You eat one of the 4 chunks of flesh.
This raw flesh tastes terrible.
You sense a monster nearby.
Natasha, Servant of Life and Death comes into view.
She is carrying a wand of flame (17).
Natasha hisses angrily.
You are too injured to fight recklessly!
You are too injured to fight recklessly!
You are too injured to fight recklessly!
Natasha zaps a wand.
The puff of flame hits you.
You miss Natasha. Natasha claws you!
* * * LOW HITPOINT WARNING * * *
Natasha claws you.
You die...

#.####### #........
#.# #..###### #.#
#.....÷..
#.####...####
#.#......#
#.#.##...####
########.#.##....)..
##..@h....#.##.######
#.#.###..)####.......#
#......÷.......##..###
###.###...########.#
##.## #.# # #.# .# #
#.# .# >.. { #<$ .# #
###


You could see Natasha.

Vanquished Creatures
  Natasha (D:2)
  A worm (D:2)
  A dart slug (D:1)
  2 leopard geckos (D:1)
  4 bats
  A giant cockroach (D:1)
  4 goblins (D:1)
  A hobgoblin (D:1)
  A quokka (D:2)
  2 frilled lizards
  3 kobolds (D:1)
  7 rats
28 creatures vanquished.

Notes
Turn   | Place    | Note
-------+----------+-------------------------------------------
     0 | Abyss:1  | Descartes the Formicid Abyssal Knight began the quest for
                  | the Orb.
     0 | Abyss:1  | Reached XP level 1. HP: 18/18 MP: 2/2
     1 | Abyss:1  | Found a corrupted altar of Lugonu.
    14 | Abyss:1  | Found a corrupted altar of Lugonu.
   114 | D:1      | Escaped the Abyss
   165 | D:1      | Reached XP level 2. HP: 17/24 MP: 3/3
   202 | D:1      | Reached * piety under Lugonu
   699 | D:1      | Reached XP level 3. HP: 28/29 MP: 4/4
   702 | D:1      | Reached skill level 1 in Dodging
  1305 | D:2      | Noticed Natasha
  1314 | D:2      | Killed Natasha
  1314 | D:2      | Reached XP level 4. HP: 8/37 MP: 4/6
  1391 | D:2      | Noticed Natasha
  1394 | D:2      | Slain by Natasha

Skill      XL: |  1  2  3 |
---------------+----------+-----
Dodging        | 1 |  1.2
Armour         | 3 |  3.0
Fighting       | |  3.7
Long Blades    | |  2.7
Invocations    | |  2.8

Action                   |  1- 3 |  4- 6 || total
-------------------------+-------+-------++-------
Melee: Falchion          |    99 |     1 ||   100
Invok: Depart the Abyss  |     1 |       ||     1
  Eat: Chunk             |     1 |     1 ||     2
Armor: Plate armour      |    96 |       ||    96
       Leather armour    |     3 |       ||     3
Dodge: Dodged            |    38 |       ||    38
       Rpst.: Falchion   |    10 |       ||    10
